 Dungeon Crawl Stone Soup version 0.32-a0-42-ga30500b4d3 (webtiles) character file.

Game seed: 4502687477311840351

2221 cforsyth the Fighter (level 9, 0/71 HPs)
             Began as a Djinni Reaver on Jan 26, 2024.
             Was an Initiate of Yredelemnul.
             Slain by a killer bee (3 damage)
             ... on level 7 of the Dungeon.
             The game lasted 00:18:27 (8201 turns).

cforsyth the Fighter (Djinni Reaver)                Turns: 8201, Time: 00:18:28

Health: 0/71       AC:  3    Str: 11    XL:     9   Next: 61%
Gold:   376        EV: 12    Int: 23    God:    Yredelemnul [......] SH:  0 Dex: 12

rFire   + + .        s - +10 flail of Tenacity {protect, rC+ Int+4}
rCold   . . .        (no shield)
rNeg    + . .        t - +0 robe "Peid" {Fly rN+}
rPois   ∞            (no helmet)
rElec   .            x - +0 cloak
rCorr   +            (no gloves)
SInv    .            (boots unavailable)
Will    .....        (no amulet)
Stlth   +            h - ring of resist corrosion
HPRegen 0.31/turn    (no ring)
MPRegen 0.00/turn

%: infuse magic (-1 HP)
@: about to teleport, fugue, flying
A: sickness immunity, fire resistance 2, cold vulnerability 1, float, innate
caster, HP casting, extra vitality 1
a: Renounce Religion, Recall Undead Harvest


You were on level 7 of the Dungeon.
You worshipped Yredelemnul.
Yredelemnul was noncommittal.
You visited 2 branches of the dungeon, and saw 8 of its levels.
You also visited: Sewer.

You collected 376 gold pieces.

Inventory:

Hand Weapons
 a - a +0 short sword
 d - the +4 hammer "Ropriuz" {freeze, Str+7}
   (You found it on level 3 of the Dungeon)

   Str+7:     It affects your strength (+7).
 j - the +4 hammer "Tath" {freeze, rF+++ rCorr Str+3 Int-2}
   (You found it on level 3 of the Dungeon)

   Str+3:     It affects your strength (+3).
   Int-2:     It affects your intelligence (-2).
   rF+++:     It renders you almost immune to fire.
   rCorr:     It protects you from acid and corrosion.
 k - the +5 hammer of Woe {protect, rElec rF+ Str-3 Dex+2}
   (You found it on level 3 of the Dungeon)

   Str-3:     It affects your strength (-3).
   Dex+2:     It affects your dexterity (+2).
   rF+:       It protects you from fire.
   rElec:     It insulates you from electricity.
 s - the +10 flail of Tenacity (weapon) {protect, rC+ Int+4}
   (You took it off an orc wizard on level 3 of the Dungeon)

   Int+4:     It affects your intelligence (+4).
   rC+:       It protects you from cold.
Armour
 b - a +0 leather armour
 t - the +0 robe "Peid" (worn) {Fly rN+}
   (You took it off an orc on level 4 of the Dungeon)

   rN+:       It protects you from negative energy.
   Fly:       It grants you flight.
 x - a +0 cloak (worn)
Jewellery
 f - an amulet of faith
 h - a ring of resist corrosion (left hand)
 u - a +6 ring of strength
 w - a ring of positive energy
 y - an amulet of regeneration
Wands
 l - a wand of quicksilver (3)
Scrolls
 c - 4 scrolls of teleportation
 e - 2 scrolls of identify
 g - a scroll of amnesia
 i - a scroll of vulnerability {unknown}
 m - 2 scrolls of fear {unknown}
 p - 2 scrolls of blinking {unknown}
 r - a scroll of silence {unknown}
Potions
 n - a potion of curing {unknown}
 o - a potion of cancellation {unknown}
 q - 4 potions of heal wounds {unknown}
 v - a potion of ambrosia {unknown}
 z - a potion of brilliance {unknown}
 A - a potion of degeneration {unknown}


   Skills:
 + Level 8.8 Fighting
 - Level 3.2 Short Blades
 - Level 3.0 Dodging
 + Level 7.0 Spellcasting
 + Level 7.0 Conjurations
 + Level 7.0 Hexes
 + Level 7.0 Summonings
 + Level 7.0 Necromancy
 + Level 7.0 Translocations
 + Level 7.0 Fire Magic
 + Level 7.0 Ice Magic
 + Level 7.0 Air Magic
 + Level 7.0 Earth Magic
 + Level 7.0 Alchemy


You knew the following spells:

 Your Spells              Type           Power      Damage    Failure   Level
a - Kiss of Death         Conj/Necr      100%       2d13      1%          1
b - Momentum Strike       Conj/Tloc      80%        3d10      1%          2
c - Hailstorm             Conj/Ice       40%        3d9       1%          3
d - Magic Dart            Conj           100%       1d8       1%          1
e - Lesser Beckoning      Tloc           80%        N/A       1%          2
f - Fugue of the Fallen   Necr           40%        N/A       1%          3
g - Volatile Blastmotes   Fire/Tloc      80%        2d16      1%          3
Your spell library was empty.

Dungeon Overview and Level Annotations

Branches:
Dungeon (7/15)             Temple (1/1) D:5           Sewer (visited)

Altars:
Ashenzari
Cheibriados
Dithmenos
Elyvilon
Fedhas
Hepliaklqana
Makhleb
Nemelex Xobeh
Qazlal
Ru
Trog
Uskayaw
Wu Jian
Xom
Yredelemnul
Zin
The Shining One

Shops:
D:7 !:

Annotations:
D:3 1 runed translucent door, Crazy Yiuf


Innate Abilities, Weirdness & Mutations

You are immune to sickness and miasma.
You are immune to poison.
Your flesh is very heat resistant. (rF++)
You are vulnerable to cold. (rC-)
You float through the air rather than walking.
You learn spells naturally, not from books.
Your magical power is your life essence.
You have superior vitality. (+4 MHP)


Message History

Your killer bee zombie closely misses the killer bee.
Something misses your killer bee zombie.
Your killer bee zombie hits the killer bee.
Casting: Fugue of the Fallen (safe; 1% risk of failure)
Confirm with . or Enter, or press ? or * to list all spells.
A cloud of volatile blastmotes flares up around you!
Run!
The killer bee closely misses your killer bee zombie.
Your killer bee zombie completely misses the killer bee.
The killer bee closely misses your killer bee zombie.
Your killer bee zombie barely misses the killer bee.
You reach down and open the door.
The killer bee barely misses your killer bee zombie.
The cloud of blastmotes explodes!
The concussive blast engulfs you. You resist.
The killer bee closely misses your killer bee zombie.
Your killer bee zombie misses the killer bee.
The killer bee stings your killer bee zombie.
The killer bee stings your killer bee zombie!
Your killer bee zombie is destroyed!
There is an open door here.
Found a scale mail.
Casting: Volatile Blastmotes (safe; 1% risk of failure)
Confirm with . or Enter, or press ? or * to list all spells.
A cloud of volatile blastmotes flares up around you!
Run!
The cloud of blastmotes explodes!
The concussive blast engulfs the killer bee!
The killer bee is heavily wounded.
The concussive blast engulfs you. You resist.
* * * LOW HITPOINT WARNING * * *
You are knocked back by the blast.
As you read the scroll of teleportation, it crumbles to dust.
You feel strangely unstable. The killer bee barely misses you.
The killer bee stings you!
* * * LOW HITPOINT WARNING * * *
The killer bee stings you.
* * * LOW HITPOINT WARNING * * *
The killer bee stings you.
* * * LOW HITPOINT WARNING * * *
The killer bee stings you.
You die...
Your body becomes fuel for the black torch.

#..##.##. #.# #.....##.
... #........ #.#
##.#####. #.# ##........
# #.# ##.....####
##[##.## ##.......##
###.....y####.........##
.......@y...'.........'.
###.....y####.........##
##.##.## ##.......## #
### ##.....## ##...##
##+##


You could see 3 killer bees.

Vanquished Creatures
  A steam dragon (D:6)
  Menkaure (D:5)
  A water moccasin (D:6)
  4 ogres
  A black bear (D:7)
  A centaur (D:6)
  A phantom (D:7)
  A kobold brigand (D:7)
  A bullfrog (D:7)
  A gnoll sergeant (D:6)
  4 killer bees
  A howler monkey (D:4)
  A bombardier beetle (D:4)
  A jelly (D:7)
  2 gnoll boudas
  An orc priest (D:4)
  4 hounds (D:4)
  2 sleepcaps
  A hell rat (Sewer)
  Natasha (thrice) (D:4)
  2 iguanas (D:6)
  4 orc wizards
  A killer bee zombie (D:7)
  13 gnolls
  8 adders
  A river rat (D:3)
  2 dart slugs (D:1)
  A ribbon worm (D:3)
  20 orcs
  4 bats
  6 endoplasms
  4 giant cockroaches
  9 goblins
  6 hobgoblins
  6 jackals
  2 quokkas
  9 ball pythons
  2 frilled lizards (D:2)
  11 kobolds
  An orc zombie (D:7)
  9 rats
154 creatures vanquished.

Vanquished Creatures (collateral kills)
  A gnoll (D:5)
  An adder (D:6)
  2 orcs (D:6)
  An endoplasm (D:4)
5 creatures vanquished.

Vanquished Creatures (others)
  A water moccasin zombie (D:6)
  A killer bee zombie (D:7)
  2 ogre zombies (D:5)
  2 felid zombies (D:4)
  An iguana zombie (D:6)
  A jelly zombie (D:7)
  An adder zombie (D:6)
  3 gnoll zombies
  2 endoplasm zombies (D:4)
  2 kobold zombies (D:7)
  6 orc zombies
22 creatures vanquished.

Grand Total: 181 creatures vanquished

Notes
Turn   | Place    | Note
-------+----------+-------------------------------------------
     0 | D:1      | cforsyth the Djinni Reaver began the quest for the Orb.
     0 | D:1      | cforsyth set off with the following spells memorised: Kiss
                  | of Death, Momentum Strike, Hailstorm.
     0 | D:1      | Reached XP level 1. HP: 18/18 MP: 0/0
    91 | D:1      | Reached XP level 2. HP: 11/23 MP: 0/0
   319 | D:1      | Reached XP level 3. HP: 5/23 MP: 0/0
   319 | D:1      | Learned a level 1 spell: Magic Dart
   914 | D:1      | Reached XP level 4. HP: 4/15 MP: 0/0
  1785 | D:3      | Reached skill level 3 in Fighting
  1866 | D:3      | Found a faded altar of an unknown god.
  2057 | D:3      | Reached XP level 5. HP: 16/30 MP: 0/0
  2057 | D:3      | Learned a level 2 spell: Lesser Beckoning
  2103 | D:3      | Found a runed translucent door.
  2107 | D:3      | Identified the +4 hammer "Ropriuz" {freeze, Str+7}
  2111 | D:3      | Identified the +4 hammer "Tath" {freeze, rF+++ rCorr Str+3
                  | Int-2}
  2114 | D:3      | Noticed Crazy Yiuf
  2117 | D:3      | Identified the +5 hammer of Woe {protect, rElec rF+ Str-3
                  | Dex+2}
  2229 | D:3      | Found a glowing drain.
  2237 | Sewer    | Entered a sewer
  2814 | D:4      | Reached XP level 6. HP: 38/44 MP: 0/0
  2875 | D:4      | Reached skill level 4 in Fighting
  3286 | D:4      | Reached XP level 7. HP: 27/53 MP: 0/0
  3286 | D:4      | Learned a level 3 spell: Fugue of the Fallen
  3441 | D:4      | You are sucked into a shaft and drop 2 floors!
  3448 | D:5      | Entered Level 5 of the Dungeon
  3481 | D:5      | Found a staircase to the Ecumenical Temple.
  3486 | Temple   | Entered the Ecumenical Temple
  3499 | Temple   | Became a worshipper of Yredelemnul the Dark
  3541 | D:4      | Reached skill level 5 in Fighting
  3578 | D:4      | Noticed Natasha
  3584 | D:4      | Killed Natasha
  3674 | D:4      | Found a blossoming altar of Fedhas.
  3706 | D:4      | Noticed Natasha
  3714 | D:4      | Killed Natasha
  3714 | D:4      | Reached * piety under Yredelemnul
  3736 | D:4      | Identified the +0 robe "Peid" {Fly rN+}
  3737 | D:4      | Identified the +10 flail of Tenacity {protect, rC+ Int+4}
  3752 | D:4      | Your ally Natasha died
  3762 | D:4      | Your ally Natasha died
  4178 | D:4      | Noticed Natasha
  4183 | D:4      | Killed Natasha
  4507 | D:5      | Reached skill level 5 in Spellcasting
  4507 | D:5      | Reached skill level 5 in Conjurations
  4507 | D:5      | Reached skill level 5 in Hexes
  4507 | D:5      | Reached skill level 5 in Summonings
  4507 | D:5      | Reached skill level 5 in Necromancy
  4507 | D:5      | Reached skill level 5 in Translocations
  4507 | D:5      | Reached skill level 5 in Fire Magic
  4507 | D:5      | Reached skill level 5 in Ice Magic
  4507 | D:5      | Reached skill level 5 in Air Magic
  4507 | D:5      | Reached skill level 5 in Earth Magic
  4507 | D:5      | Reached skill level 5 in Alchemy
  4589 | D:5      | Reached skill level 6 in Fighting
  4589 | D:5      | Reached XP level 8. HP: 61/61 MP: 0/0
  4692 | D:5      | Noticed Menkaure
  4704 | D:5      | Killed Menkaure
  5628 | D:5      | Found an ornate altar of the Wu Jian Council.
  5789 | D:6      | Reached skill level 7 in Fighting
  6316 | D:6      | Found a basalt altar of Yredelemnul.
  6346 | D:6      | Found a glowing silver altar of Zin.
  6429 | D:5      | Reached XP level 9. HP: 36/68 MP: 0/0
  6429 | D:5      | Learned a level 3 spell: Volatile Blastmotes
  6742 | D:6      | Reached skill level 8 in Fighting
  6944 | D:7      | Found Ishrup's Distillery.
  7735 | D:7      | Found Mueggeaz's Book Emporium.
  8201 | D:7      | HP: 3/71 [killer bee (6)]
  8201 | D:7      | Slain by a killer bee

Illustrated notes

Levels and vault maps discovered:
D:1:      tarquinn_simple_flora_water_f, layout_rooms, minmay_pentomino_t2
D:2:      layout_rooms, grunt_ministairs_14, minmay_splitting_lines
D:3:      layout_loops_ring, dreamdust_ecumenical_altar_grove,
          portal_sewer_entry_b, kennysheep_boxes, uniq_crazy_yiuf_cottage
D:4:      layout_rooms, led_sif_pool, fedhas_altar_1, uniq_natasha
D:5:      layout_basic, pdpol_wu_jian_five_deadly_venoms,
          minmay_temple_entry_glassed_door, uniq_menkaure
D:6:      layout_basic, hangedman_feature_mirror
D:7:      layout_loops_corners, serial_shops, shop, shop
Temple:   regret_index_temple_sphere_string

Skill      XL: |  1  2  3  4  5  6  7  8  9 |
---------------+----------------------------+-----
Spellcasting   | 3 4 5 6 7 |  7.0
Conjurations   | 3 4 5 6 7 |  7.0
Hexes          | 3 4 5 6 7 |  7.0
Summonings     | 3 4 5 6 7 |  7.0
Necromancy     | 3 4 5 6 7 |  7.0
Translocations | 3 4 5 6 7 |  7.0
Fire Magic     | 3 4 5 6 7 |  7.0
Ice Magic      | 3 4 5 6 7 |  7.0
Air Magic      | 3 4 5 6 7 |  7.0
Earth Magic    | 3 4 5 6 7 |  7.0
Alchemy        | 3 4 5 6 7 |  7.0
Short Blades   | 3 |  3.2
Dodging        | 3 |  3.0
Fighting       | 3 4 6 7 8 |  8.8

Action                     |  1- 3 |  4- 6 |  7- 9 || total
---------------------------+-------+-------+-------++-------
  Melee: Short sword       |    74 |       |       ||    74
         Mace              |       |    17 |     3 ||    20
         Flail             |       |       |    76 ||    76
         Punch             |       |       |     1 ||     1
   Cast: Kiss of Death     |     5 |       |     1 ||     6
         Magic Dart        |    29 |   152 |   151 ||   332
         Hailstorm         |       |     8 |     3 ||    11
         Volatile Blastmot |       |       |    20 ||    20
         Fugue of the Fall |       |       |     1 ||     1
  Evoke: Wand              |       |     4 |       ||     4
    Use: Scroll            |     3 |     1 |     2 ||     6
 Armour: Leather armour    |    67 |    38 |    16 ||   121
         Robe              |       |       |   124 ||   124
  Dodge: Dodged            |    66 |    42 |   110 ||   218

Table legend: (Time is in decaauts)
 A = Elapsed time spent in this place.
 B = Non-inter-level travel time spent in this place.
 C = Inter-level travel time spent in this place.
 D = Time resting spent in this place.
 E = Time spent auto-exploring this place.
 F = Levels seen in this place.
 G = Mean time per level.
                   A        B        C        D        E       F      G
               +--------+--------+--------+--------+--------+-----+--------+
         Total |   8246 |   8068 |    178 |   1233 |   4773 |   9 |  916.2 |
       Dungeon |   8080 |   7927 |    153 |   1233 |   4665 |   7 | 1154.3 |
        Temple |     26 |      1 |     25 |      0 |      0 |   1 |   26.0 |
         Sewer |    138 |    138 |      0 |      0 |    108 |   1 |  138.0 |
               +--------+--------+--------+--------+--------+-----+--------+

Top non-repeatable levels by time:
     D:4: 1530 daAuts
     D:6: 1297 daAuts
     D:5: 1227 daAuts
     D:7: 1117 daAuts
     D:3: 1081 daAuts
     D:1: 985 daAuts
     D:2: 842 daAuts
   Sewer: 138 daAuts
  Temple: 26 daAuts
